 Dungeon Crawl Stone Soup version 0.31-a0-618-g7ca08c1ff9 (webtiles) character file.

Game seed: 2346487104740939514

642 Sanktem7 the Chopper (level 7, -8/61 HPs)
             Began as a Minotaur Fighter on Aug 22, 2023.
             Killed by divine providence
             ... invoked by an orc priest
              (14 damage)
             ... on level 5 of the Dungeon.
             The game lasted 00:05:41 (3605 turns).

Sanktem7 the Chopper (Minotaur Fighter)             Turns: 3605, Time: 00:05:42

Health: -8/61      AC: 12    Str: 22    XL:     7   Next: 26%
Magic:  6/6        EV:  6    Int:  5    God:
Gold:   264        SH:  5    Dex: 10    Spells: 6/6 levels left

rFire   . . .        a - +0 war axe {axe}
rCold   . . .        c - +0 buckler
rNeg    . . .        n - +0 plate armour
rPois   .            (helmet restricted)
rElec   .            (no cloak)
rCorr   .            (no gloves)
SInv    .            (no boots)
Will    .....        (no amulet) Stlth
                     (no ring)
HPRegen 0.30/turn    (no ring)
MPRegen 0.10/turn

%: no passive effects
@: no status effects
A: horns 2, retaliatory headbutt
a: no special abilities


You were on level 5 of the Dungeon.
You visited 2 branches of the dungeon, and saw 6 of its levels.

You collected 264 gold pieces.


Innate Abilities, Weirdness & Mutations

You have a pair of horns on your head.
You reflexively headbutt those who attack you in melee.


   Skills:
 + Level 5.3 Fighting
 * Level 6.1 Axes
 + Level 2.2 Throwing
 + Level 5.3 Armour
 + Level 5.4 Shields


You had 6 spell levels left.
You didn't know any spells.
Your spell library contained the following spells:

 Spells                   Type           Power      Damage    Failure   Level
 Animate Dead             Necr           0%         N/A       100%        4
 Borgnjor's Vile Clutch   Necr/Erth      0%         N/A       100%        5
 Death Channel            Necr           0%         N/A       100%        6

Inventory:

Hand Weapons
 a - a +0 war axe (weapon) {axe}
 q - a +1 short sword of venom {short}
   (You took it off a kobold on level 2 of the Dungeon)
 z - a +4 quarterstaff of chaos {staff}
   (You took it off Crazy Yiuf on level 4 of the Dungeon)
Missiles
 b - 8 poisoned darts {throwing}
 k - 30 stones {throwing}
Armour
 c - a +0 buckler (worn)
 n - a +0 plate armour (worn)
   (You found it on level 2 of the Dungeon)
 A - a +0 cloak
   (You took it off Crazy Yiuf on level 4 of the Dungeon)
Magical Staves
 u - a staff of air {!astaff}
   (You found it on level 4 of the Dungeon)
Wands
 v - a wand of polymorph (4)
   (You found it on level 3 of the Dungeon)
 y - a wand of mindburst (15)
   (You found it on level 4 of the Dungeon)
Scrolls
 f - 2 scrolls of enchant armour {unknown}
 i - 6 scrolls of identify {unknown}
 j - 2 scrolls of poison {unknown}
 m - 2 scrolls of fear {unknown}
 p - 2 scrolls of torment {unknown}
 s - a scroll of teleportation {unknown}
 t - 2 scrolls of vulnerability {unknown}
Potions
 d - a potion of might
 e - 2 potions of haste {unknown}
 g - 2 potions of heal wounds {unknown}
 h - a potion of enlightenment {unknown}
 l - 2 potions of curing {unknown}
 o - 3 potions of brilliance {unknown}
 r - a potion of magic {unknown}
 w - a potion of mutation {unknown}
 x - a potion of attraction {unknown}

Dungeon Overview and Level Annotations

Branches:
Dungeon (5/15) Zot: 26320  Temple (1/1) D:4 Zot: 5998

Altars:
Ashenzari
Dithmenos
Gozag
Makhleb
Okawaru
Qazlal
Ru
Trog
Wu Jian
Xom
Yredelemnul
Zin

Shops:
D:4 :

Annotations:
D:3 2 transporters, petzl's ghost, amateur FoDe

....
##...##.####.#
.....
###..#....#
.....
#....######
......#.##...#
......#.^.†..#
#...........#
######.....##
#o......#
#@##....#
#o##....#
.o#######


oo.. ..... ..>.... ..##.... ... .##### You could see 3 orc priests and 2 orcs.


Message History

Something hits you but does no damage.
An orc comes into view. It is wielding a +0 club. 😎 HP[+1]
Your hp is fully restored (61).
You're too confused to move!
Something hits you but does no damage.
You completely miss something. Your headbutt misses something.
You hear some strange, mumbled words.
A magic dart appears from out of thin air!
The magic dart hits you. Something hits you. 😕 HP[-4]
You take 4 damage, and now have 57/61 hp.
You feel less confused. Something hits you. 😕 HP[-1]
You take 1 damage, and now have 56/61 hp.
Unknown command.
You barely miss something. Your headbutt misses something.
You hear some strange, mumbled words.
A puff of flame appears from out of thin air!
The puff of flame hits you. 😕 HP[-2]
You take 2 damage, and now have 54/61 hp.
You miss something. Something hits you. 😕 HP[-4]
You take 4 damage, and now have 50/61 hp.
You slash something!
Reactivating autopickup.
You feel a bit more experienced.
The sleepcap barely misses you. 😕 HP[+1]
You hit the sleepcap but do no damage.
The sleepcap releases spores at you. 😕 HP[-4]
You take 4 damage, and now have 47/61 hp.
You hit the sleepcap but do no damage. You headbutt the sleepcap.
The sleepcap releases spores at you but does no damage.
You slash the sleepcap!
The sleepcap releases spores at you but does no damage. 😕 HP[+1]
You slash the sleepcap! You headbutt the sleepcap.
You destroy the sleepcap!
An orc comes into view. It is wielding a +0 flail.
The hound bites you but does no damage.
Your Axes skill increases to level 6!
You hit the hound. You headbutt the hound!
The hound bites you but does no damage. The hound bites you. 😕 HP[-1]
You take 1 damage, and now have 47/61 hp.
You slash the hound!
You kill the hound! 😕 HP[+1]
You slash the sleepcap!
The sleepcap releases spores at you. 😮 HP[-3]
You take 3 damage, and now have 45/61 hp.
You slash the sleepcap!
An orc priest comes into view. It is wielding a +1 hand axe of venom.
The sleepcap releases spores at you but does no damage. 😕 HP[+1]
You slash the sleepcap!
You destroy the sleepcap!
An orc priest comes into view. It is wielding a +0 whip.
You hit the orc. You barely miss the orc. The orc hits you but does no damage.
The orc barely misses you.
You hit the orc. You headbutt the orc.
You kill the orc!
You barely miss the orc.
The orc hits you but does no damage. 😕 HP[+1]
You block the orc's attack.
The orc priest begins to cast a cantrip, but forgets the words!
An orc comes into view. It is wielding a +0 short sword.
Items here: ))) [[ ††.
The orc shouts!
You hit the orc priest but do no damage.
You closely miss the orc.
An orc priest comes into view. It is wielding a +0 hand axe.
You block the orc's attack. The orc priest barely misses you.
The orc priest invokes the aid of Beogh against you.
Beogh smites you! 😮 HP[-15]
You take 15 damage, and now have 32/61 hp.
MASSIVE DAMAGE!! (PAUSE)
You barely miss the orc. You hit the orc priest.
The orc priest invokes the aid of Beogh against you.
Beogh smites you!
* * * LOW HITPOINT WARNING * * *
The orc priest hits you but does no damage.
The orc barely misses you. You furiously retaliate!
You headbutt the orc.
The orc priest calls upon Beogh to heal the orc priest.
The orc priest's wounds heal themselves! 😨 HP[-8]
You take 8 damage, and now have 24/61 hp.
You hit the orc but do no damage. You slash the orc priest!
The orc priest looks satisfied for a moment.
The orc hits you with a +0 club.
* * * LOW HITPOINT WARNING * * *
The orc priest mumbles some strange prayers to Beogh against you.
Beogh smites you!
* * * LOW HITPOINT WARNING * * *
The orc priest invokes the aid of Beogh against you.
Beogh smites you!
You die...

Skill      XL: |  1  2  3  4  5  6  7 |
---------------+----------------------+-----
Axes           | 3 4 5 6 |  6.1
Fighting       | 4 5 |  5.3
Armour         | 4 5 |  5.3
Shields        | 4 5 |  5.4
Throwing       | 1 2 |  2.2

Action                     |  1- 3 |  4- 6 |  7- 9 || total
---------------------------+-------+-------+-------++-------
  Melee: War axe           |    94 |   116 |    22 ||   232
         Headbutt          |     6 |    12 |     4 ||    22
 Armour: Scale mail        |    51 |       |       ||    51
         Plate armour      |     3 |    78 |    11 ||    92
  Dodge: Dodged            |    42 |    35 |     4 ||    81
  Block: Buckler           |    23 |    27 |     3 ||    53

Levels and vault maps discovered:
D:1:      dpeg_arrival_ternary, layout_basic, serial_bayou_pond_d,
          solitary_fountain
D:2:      layout_basic, basic_altar
D:3:      layout_basic, gammafunk_ghost_stat_death
D:4:      layout_rooms, okawaru_trees_1, tgw_xom,
          minmay_temple_entry_enclosed_plants, serial_shops, shop, uniq_pargi,
          uniq_crazy_yiuf_cottage
D:5:      layout_basic, mainiacjoe_overflow_boulevard,
          mainiacjoe_overflow_big_doors, ebering_ghost_disaster_area
Temple:   nicolae_temple_cloud_nine

Notes
Turn   | Place    | Note
-------+----------+-------------------------------------------
     0 | D:1      | Sanktem7 the Minotaur Fighter began the quest for the Orb.
     0 | D:1      | Reached XP level 1. HP: 19/19 MP: 0/0
     0 | D:1      | magus.rc [v1.9.6]
   109 | D:1      | Reached XP level 2. HP: 27/27 MP: 1/1
   136 | D:1      | You pick up a book of Unlife and begin reading...
   136 | D:1      | You add the spells Animate Dead, Borgnjor's Vile Clutch and
                  | Death Channel to your library.
   149 | D:1      | Reached skill level 3 in Axes
   337 | D:1      | Reached skill level 4 in Fighting
   337 | D:1      | Reached XP level 3. HP: 31/33 MP: 2/2
   563 | D:1      | Reached skill level 4 in Armour
   563 | D:1      | Reached skill level 4 in Shields
  1128 | D:2      | Found an ornate altar of the Wu Jian Council.
  1204 | D:2      | Reached XP level 4. HP: 40/40 MP: 3/3
  1495 | D:2      | Reached skill level 4 in Axes
  2231 | D:3      | Found a transporter.
  2263 | D:3      | Identified the +3 chain mail of Vehumet's Reproof {Harm
                  | rF+++ rC- Int-5}
  2514 | D:3      | Noticed petzl's ghost (amateur FoDe)
  2521 | D:3      | Found a transporter.
  2616 | D:4      | Found an iron altar of Okawaru.
  2671 | D:4      | Found a staircase to the Ecumenical Temple.
  2677 | Temple   | Entered the Ecumenical Temple
  2714 | D:4      | Found Viligyuss's Book Shoppe.
  2813 | D:4      | Noticed Pargi
  2818 | D:4      | Reached XP level 5. HP: 47/47 MP: 4/4
  2821 | D:4      | Killed Pargi
  2822 | D:4      | Reached skill level 5 in Axes
  2822 | D:4      | Reached skill level 1 in Throwing
  2844 | D:4      | Reached XP level 6. HP: 33/53 MP: 5/5
  2929 | D:4      | Found a shimmering altar of Xom.
  3016 | D:4      | Reached skill level 5 in Shields
  3048 | D:4      | Reached skill level 5 in Armour
  3113 | D:4      | Found a runed translucent door.
  3114 | D:4      | Noticed Crazy Yiuf
  3217 | D:4      | Killed Crazy Yiuf
  3218 | D:4      | Reached skill level 5 in Fighting
  3220 | D:4      | HP: 13/56 [poisoned by Crazy Yiuf]
  3225 | D:4      | HP: 8/56 [poisoned by Crazy Yiuf]
  3437 | D:5      | Entered Level 5 of the Dungeon
  3575 | D:5      | Reached skill level 2 in Throwing
  3575 | D:5      | Reached XP level 7. HP: 61/61 MP: 6/6
  3595 | D:5      | Reached skill level 6 in Axes
  3605 | D:5      | HP: 6/61 [orc priest/divine providence (14)]
  3605 | D:5      | Killed from afar by an orc priest

Vanquished Creatures
  Pargi (D:4)
  A phantom (D:4)
  A scorpion (D:5)
  2 howler monkeys
  2 hounds
  Crazy Yiuf (D:4)
  An orc wizard (D:5)
  2 sleepcaps (D:5)
  6 adders
  2 worms (D:2)
  3 dart slugs
  8 orcs
  7 ball pythons
  4 bats
  7 endoplasms
  5 giant cockroaches
  6 goblins
  6 hobgoblins
  12 jackals (D:1)
  11 kobolds
  3 quokkas
  A frilled lizard (D:1)
  3 rats
95 creatures vanquished.

Table legend:
 A = Non-vault XP
 B = Vault XP
 C = Vault XP percentage of total XP
 D = Non-vault monster count
 E = Vault monster count
 F = Vault count percentage of total count
                 A         B        C        D         E       F
            +---------+---------+-------+---------+---------+-------
      Total |     737 |     181 |  19.7 |      93 |       2 |   2.1
            +---------+---------+-------+---------+---------+-------
        D:1 |      64 |       0 |   0.0 |      35 |       0 |   0.0
        D:2 |      74 |       0 |   0.0 |      19 |       0 |   0.0
        D:3 |      20 |       0 |   0.0 |      10 |       0 |   0.0
        D:4 |     257 |     181 |  41.3 |      17 |       2 |  10.5
        D:5 |     322 |       0 |   0.0 |      12 |       0 |   0.0
            +---------+---------+-------+---------+---------+-------

Skill      XL: |  1  2  3  4  5  6  7 |
---------------+----------------------+-----
Axes           | 3 4 5 6 |  6.1
Fighting       | 4 5 |  5.3
Armour         | 4 5 |  5.3
Shields        | 4 5 |  5.4
Throwing       | 1 2 |  2.2

Action                     |  1- 3 |  4- 6 |  7- 9 || total
---------------------------+-------+-------+-------++-------
  Melee: War axe           |    94 |   116 |    22 ||   232
         Headbutt          |     6 |    12 |     4 ||    22
 Armour: Scale mail        |    51 |       |       ||    51
         Plate armour      |     3 |    78 |    11 ||    92
  Dodge: Dodged            |    42 |    35 |     4 ||    81
  Block: Buckler           |    23 |    27 |     3 ||    53

Illustrated notes

Table legend:
 A = Kills in this place as a percentage of kills in the entire game.
 B = Kills by you in this place as a percentage of kills by you in the entire game.
 C = Kills by friends in this place as a percentage of kills by friends in the entire game.
 D = Other kills in this place as a percentage of other kills in the entire game.
 E = Experience gained in this place as a percentage of experience gained in the entire game.
 F = Experience gained in this place divided by the number of levels of this place that you have seen.
                   A       B       C       D       E      F
               +-------+-------+-------+-------+-------+----------------------
         Total | 100.0 | 100.0 |   N/A |   N/A | 100.0 | 153.0
       Dungeon | 100.0 | 100.0 |   N/A |   N/A | 100.0 | 183.6
               +-------+-------+-------+-------+-------+----------------------

Table legend: (Time is in decaauts)
 A = Elapsed time spent in this place.
 B = Non-inter-level travel time spent in this place.
 C = Inter-level travel time spent in this place.
 D = Time resting spent in this place.
 E = Time spent auto-exploring this place.
 F = Levels seen in this place.
 G = Mean time per level.
                   A        B        C        D        E       F      G
               +--------+--------+--------+--------+--------+-----+--------+
         Total |   3679 |   3563 |    116 |      0 |   2982 |   6 |  613.2 |
       Dungeon |   3678 |   3562 |    116 |      0 |   2982 |   5 |  735.6 |
        Temple |      1 |      1 |      0 |      0 |      0 |   1 |    1.0 |
               +--------+--------+--------+--------+--------+-----+--------+

Top non-repeatable levels by time:
     D:2: 1189 daAuts
     D:1: 966 daAuts
     D:4: 882 daAuts
     D:3: 463 daAuts
     D:5: 176 daAuts
  Temple: 1 daAuts
